Map: Bridgehead LE (Void)

Players

DrGreenThumb - Winner!

  • Race: Terran Terran
  • League: Grandmaster

wabbajack

  • Race: Zerg Zerg
  • League: Gold

VOD

Have the link to the VOD?

Description

Time

  • Played on: July 22, 2015, 12:21 a.m.
  • Length: 4:59
Show
View Real Time Build Order
Export as new Build Order

DrGreenThumb Terran - Winner!

Build Orders:  

Get SALT Encoding   

  12  0:01  SCV  
  13  0:27  SCV, Supply Depot  
  14  0:39  SCV  
  15  0:53  Barracks  
  15  0:54  Barracks  
  15  0:56  SCV  
  16  1:09  SCV  
  17  1:14  Barracks  
  17  1:22  SCV  
  18  1:33  Supply Depot  
  19  1:41  Marine  
  19  1:42  Marine  
  21  1:54  Orbital Command  
  21  1:59  Marine x2  
  22  2:07  Marine  
  23  2:17  Marine x2  
  25  2:25  Marine  
  25  2:26  Bunker  
  25  2:28  Bunker  
  25  2:49  Marine x3  
  24  3:07  Marine x3  
  23  3:25  Marine x3  
  23  3:26  Refinery  
  25  3:31  Command Center  
  25  3:39  Bunker  
  25  3:41  Bunker  
  25  3:43  Marine x2  
  27  3:50  SCV  
  28  4:00  Marine  
  28  4:01  Marine  
  31  4:02  SCV  
  31  4:17  Supply Depot  
  31  4:24  Bunker  
  31  4:38  Marine  
Show
View Real Time Build Order
Export as new Build Order

wabbajack Zerg 

Build Orders: Pool First 

Get SALT Encoding   

  12  0:01  Drone  
  13  0:15  Overlord  
  13  0:18  Drone  
  14  0:24  Drone, Extractor  
  15  0:37  Drone  
  15  0:39  Drone  
  17  0:47  Spawning Pool  
  16  0:52  Drone, Extractor  
  16  1:01  Drone  
  17  1:19  Hatchery  
  17  1:25  Drone x2  
  18  1:36  Queen  
  20  1:43  Zergling x2  
  20  1:44  Drone  
  22  2:04  Baneling Nest  
  21  2:17  Pneumatized Carapace  
  21  2:18  Overlord  
  21  2:25  Overlord  
  21  2:32  Zergling x2  
  21  2:33  Zergling x4  
  14  3:02  Zergling x2  
  14  3:03  Zergling x6  
  14  3:35  Metabolic Boost  
  14  3:43  Drone  
  14  3:44  Drone x2  
  17  3:55  Drone x2  
  19  4:18  Drone x4  
Tags
 
Add a new tag
Caveats
  • Supply blocks, unpowered buildings, or Contaminate may cause inaccurate times.
  • Supply counts are checked every 10 seconds.